AoeStats
← Toan

Lombardia

509547709Analyzed
2v2 RM · 3d ago on Sep 27, 2026· 40m 47s· 4 players
Game mode
Random Map
Map size
Medium (4 player)
Population
200
Speed
Normal
Resources
Standard
Victory
Conquest
Starting age
Dark Age
Ending age
Imperial Age
RankedLock teamsTeams togetherTeam positionsShared explorationLock speedFull tech treeHidden civsTurbo modeCheats
Victory
Defeat
🇷🇺 Danes · Russia
1057
+17
🇷🇺 Saracens · Russia
1018
+18
🇨🇳 Spanish · China
1095
-19
🇨🇴 Khmer · Colombia
1041
-16
ForlornBirch96
8:12 Loom
8:22 Loom
10:26 Feudal Age
15:16 Castle Age
13:31 Horse Collar
14:39 Scale Barding Armor
23:57 Bloodlines
24:21 Town Watch
25:35 Heavy Plow
30:30 Imperial Age
28:36 Wheelbarrow
30:42 Husbandry
30:03 Light Cavalry
33:08 Heavy Scorpion
35:40 Conscription
36:31 Fletching
37:02 Chain Barding Armor
36:53 Forging
37:47 Hand Cart
火枪
8:02 Loom
10:14 Feudal Age
11:11 Town Watch
21:49 Castle Age
19:58 Double-Bit Axe
21:13 Stone Mining
21:06 Horse Collar
23:56 Bloodlines
23:47 Husbandry
23:49 Padded Archer Armor
26:27 Bow Saw
27:20 Leather Archer Armor
30:09 Gold Mining
31:41 Heavy Plow
32:17 Stone Shaft Mining
33:40 Wheelbarrow
37:52 Imperial Age
37:25 Scale Barding Armor
37:30 Forging
38:28 Chain Barding Armor
38:39 Cavalier
Shuāng
12:23 Feudal Age
12:55 Loom
12:58 Double-Bit Axe
19:25 Castle Age
17:52 Forging
17:56 Bloodlines
18:55 Scale Mail Armor
18:56 Horse Collar
22:46 Scale Barding Armor
26:39 Town Watch
27:10 Bow Saw
35:52 Chain Mail Armor
35:28 Fletching
35:41 Padded Archer Armor
35:34 Pikeman
37:51 Bodkin Arrow
38:46 Wheelbarrow
39:39 Heavy Plow
39:30 Elite Skirmisher
Toan
5:19 Loom
10:06 Feudal Age
11:09 Double-Bit Axe
16:36 Castle Age
16:46 Forging
18:43 Horse Collar
22:27 Scale Mail Armor
24:00 Squires
24:04 Gambesons
25:09 Heavy Plow
27:11 Wheelbarrow
28:17 Arson
34:43 Imperial Age
33:06 Chain Mail Armor
35:39 Iron Casting
35:00 Elite Varangian Guard
36:16 Plate Mail Armor
38:53 Conscription
37:56 Hamask
39:47 Elite Jomsviking
41:03 Hoardings
Connection lost

Rejoining the realm…

Still unreachable

The connection could not be restored.

Session expired

The server has moved on; the page needs a fresh start.